 Dungeon Crawl Stone Soup version 0.28.0-43-g3370ac3207 (webtiles) character file.

Game seed: 8353127304594630342

239 Mitsuki the Firebug (level 5, -4/28 HPs)
             Began as a Deep Elf Fire Elementalist on Mar 2, 2022.
             Slain by Crazy Yiuf
             ... wielding a +2 quarterstaff of chaos
              (8 damage)
             ... on level 3 of the Dungeon.
             The game lasted 00:06:03 (4370 turns).

Mitsuki the Firebug (Deep Elf Fire Elementalist)    Turns: 4370, Time: 00:06:04

Health: -4/28      AC:  5    Str:  5    XL:     5   Next: 79%
Magic:  8/14       EV: 11    Int: 22    God:
Gold:   160        SH:  5    Dex: 15    Spells: 12/13 levels left

rFire   + . .      SeeInvis .   d - +0 mace
rCold   . . .      Faith    .   v - +2 buckler
rNeg    . . .      Spirit   .   h - +1 leather armour "Ytot" {rC+}
rPois   .          Reflect  .   u - +0 helmet
rElec   .          Harm     .   (no cloak)
rCorr   .          Rampage  .   (no gloves)
Will    .....                   (no boots)
Stlth   ++........              (no amulet)
HPRegen 0.09/turn               q - +4 ring of slaying
MPRegen 0.14/turn               s - ring of fire

@: very slightly contaminated
A: no striking features
a: no special abilities


You were on level 3 of the Dungeon.
You visited 1 branch of the dungeon, and saw 3 of its levels.

You collected 160 gold pieces.

Inventory:

Hand Weapons
 d - a +0 mace (weapon)
Armour
 h - the +1 leather armour "Ytot" (worn) {rC+}
   (You found it on level 2 of the Dungeon)

   rC:        It protects you from cold.
 u - a +0 helmet (worn)
 v - a +2 buckler (worn)
Jewellery
 q - a +4 ring of slaying (left hand)
 s - a ring of fire (right hand)
Wands
 a - a wand of iceblast (5)
Scrolls
 c - a scroll of vulnerability {unknown}
 e - a scroll of holy word {unknown}
 g - a scroll of teleportation {unknown}
 j - 2 scrolls of noise {unknown}
 k - a scroll of torment {unknown}
 o - 2 scrolls of immolation
 p - a scroll of fog {unknown}
 t - 3 scrolls of magic mapping {unknown}
Potions
 b - a potion of haste {unknown}
 f - a potion of flight {unknown}
 i - 2 potions of lignification {unknown}
 l - a potion of magic {unknown}
 m - 2 potions of brilliance {unknown}
 n - a potion of curing {unknown}
 r - a potion of attraction {unknown}


   Skills:
 - Level 2.4 Dodging
 - Level 2.4 Stealth
 + Level 4.8 Spellcasting
 + Level 3.2 Conjurations
 * Level 5.6 Fire Magic


You had 12 spell levels left.
You knew the following spells:

 Your Spells              Type           Power      Damage    Failure   Level
a - Foxfire               Conj/Fire      100%       2x1d9     3%          1

Your spell library contained the following spells:

 Spells                   Type           Power      Damage    Failure   Level
 Scorch                   Fire           90%        2d9       3%          2
 Conjure Flame            Conj/Fire      37%        6-21      12%         3
 Inner Flame              Hex/Fire       26%        N/A       22%         3
 Flame Wave               Conj/Fire      37%        2d9       36%         4


Dungeon Overview and Level Annotations

Branches:
Dungeon (3/15)

Altars:

Annotations:
D:3 Crazy Yiuf


Message History

Your foxfire dissipates!
The foxfire hits Crazy Yiuf but does no damage.
Crazy Yiuf says, "Hah snail sizzlefizz!"
Crazy Yiuf laughs, "Blight senile bag!"
MP restored: 14 You feel a surge of power!
You conjure some foxfire!
The foxfire hits Crazy Yiuf but does no damage.
You now have 13/14 mp.
You feel a surge of power!
You conjure some foxfire!
The foxfire hits Crazy Yiuf but does no damage.
You now have 12/14 mp.
You feel a surge of power!
You miscast Foxfire.
You are very lightly contaminated with residual magic.
Nothing appears to happen.
The foxfire hits Crazy Yiuf but does no damage. x2
Crazy Yiuf hits you with a +2 quarterstaff of chaos!
Crazy Yiuf burns you.
You take 10 damage, and have 18/28 hp.
MASSIVE DAMAGE!!
You now have 11/14 mp.
You feel a surge of power!
You conjure some foxfire!
Crazy Yiuf misses you.
You now have 10/14 mp.
You feel a surge of power!
You conjure some foxfire!
The foxfire hits Crazy Yiuf but does no damage.
The foxfire hits Crazy Yiuf.
Crazy Yiuf is lightly wounded.
Crazy Yiuf hits you with a +2 quarterstaff of chaos!
Ouch! That really hurt!
* * * LOW HITPOINT WARNING * * *
You take 14 damage, and have 4/28 hp.
MASSIVE DAMAGE!!
You now have 9/14 mp.
You are too injured to fight recklessly!
You are too injured to fight recklessly!
You are too injured to fight recklessly!
Casting: Foxfire (safe; 3% risk of failure)
Confirm with . or Enter, or press ? or * to list all spells.
You feel a surge of power!
You conjure some foxfire!
The foxfire hits Crazy Yiuf.
Crazy Yiuf is lightly wounded.
The foxfire hits Crazy Yiuf but does no damage.
Crazy Yiuf is lightly wounded.
Crazy Yiuf hits you with a +2 quarterstaff of chaos!
You die...

#'# #.....# #.#.
♣.♣♣ #.....# #...
♣♣g♣ #.....####...
♣.♣♣ #............
♣♣.♣ #............
♣♣.♣♣ #............
♣♣...♣ #####.......>
♣..g.♣ #........
#+v@'# #........
#.v§§#######........
#..................#
##...#######........
##### #####....
#..#. #..#. #...#
#....


You could see Crazy Yiuf (ally target).

Vanquished Creatures
  Ijyb (D:3)
  2 iguanas (D:3)
  Robin (D:3)
  6 adders
  3 worms (D:2)
  5 dart slugs
  5 ball pythons
  7 endoplasms
  2 giant cockroaches
  16 goblins
  8 hobgoblins
  4 jackals (D:2)
  3 kobolds
  2 quokkas
  6 bats
  3 frilled lizards
  8 rats
82 creatures vanquished.

Vanquished Creatures (others)
  279 foxfires
279 creatures vanquished.

Grand Total: 361 creatures vanquished

Notes
Turn   | Place    | Note
-------+----------+-------------------------------------------
     0 | D:1      | Mitsuki the Deep Elf Fire Elementalist began the quest for
                  | the Orb.
     0 | D:1      | Reached XP level 1. HP: 10/10 MP: 6/6
   233 | D:1      | Reached XP level 2. HP: 15/15 MP: 8/8
  1118 | D:1      | Reached skill level 4 in Fire Magic
  1334 | D:1      | Reached XP level 3. HP: 19/19 MP: 10/10
  1414 | D:2      | Identified the +1 leather armour "Ytot" {rC+}
  1726 | D:2      | Reached XP level 4. HP: 24/24 MP: 3/11
  2011 | D:2      | Found a faded altar of an unknown god.
  2713 | D:3      | Noticed Ijyb
  2724 | D:3      | Killed Ijyb
  2725 | D:3      | Reached skill level 5 in Fire Magic
  2725 | D:3      | Reached XP level 5. HP: 28/28 MP: 4/13
  2872 | D:3      | Noticed Robin
  3610 | D:3      | Killed Robin
  3876 | D:3      | Found a runed translucent door.
  3877 | D:3      | Noticed Crazy Yiuf
  4370 | D:3      | Slain by Crazy Yiuf

Illustrated notes

Levels and vault maps discovered:
D:1:      dpeg_arrival_simpleton_b, layout_loops_ring, kennysheep_another_room
D:2:      layout_basic, hellmonk_ecumenical_altar_blasted, minmay_vboxes
D:3:      layout_basic, minmay_misc_feat_chi, chequers_serial_rivers_small_3,
          dk_noncrumbling_3, uniq_crazy_yiuf_cottage, uniq_robin, uniq_ijyb

Skill      XL: |  1  2  3  4  5 |
---------------+----------------+-----
Fire Magic     | 4 5 |  5.6
Conjurations   | 2 3 |  3.2
Spellcasting   | 4 |  4.8
Dodging        | |  2.4
Stealth        | |  2.4

Action                   |  1- 3 |  4- 6 || total
-------------------------+-------+-------++-------
Melee: Mace              |    19 |    13 ||    32
 Cast: Foxfire           |    65 |   105 ||   170
 Stab: Sleeping          |     5 |       ||     5
Armor: Robe              |     4 |       ||     4
       Leather armour    |     1 |     7 ||     8
Dodge: Dodged            |    18 |    19 ||    37
Block: Buckler           |       |     2 ||     2
